IL
ROCHESTER RED WINGS @ BUFFALO BISONS
06/21/1982
 
TOP OF THE 1ST
Rochester Red Wings batting - Pitching for Buffalo Bisons : RHP Bill Landrum
Pitching: RHP Bill Landrum
Batting: RHB Johnnie LeMaster 0-0: Ball
1-0: Bunt missed!
1-1: Foul Ball, location: 2F
1-2: Ball
2-2: Foul Ball, location: 2F
2-2: Foul Ball, location: 2F
2-2: Ball
3-2: Ground out 4-3 (Groundball, 4, EV 110.0 MPH)
Batting: LHB Ed Amelung 0-0: Ball
1-0: Ball
2-0: Swinging Strike
2-1: Foul Ball, location: 2F
2-2: Ball
3-2: Base on Balls
Batting: SHB Jordan Ayala 0-0: Called Strike
0-1: Fly out, F3 (Popup, 3F, EV 73.8 MPH)
Batting: RHB Gerry Davis 0-0: Ball
1-0: Ball
Ed Amelung steals 2nd base
2-0: Called Strike
2-1: Called Strike
2-2: Foul Ball, location: 2F
2-2: Ball
3-2: Ground out 5-3 (Groundball, 56S, EV 83.8 MPH)
Top of the 1st over - 0 runs, 0 hits, 0 errors, 1 left on base; Rochester 0 - Buffalo 0
BOTTOM OF THE 1ST
Buffalo Bisons batting - Pitching for Rochester Red Wings : LHP Alex Gonzales
Pitching: LHP Alex Gonzales
Batting: RHB Juan Villa 0-0: Called Strike
0-1: Called Strike
0-2: Strikes out swinging
Batting: RHB Carlos Matamoros 0-0: Called Strike
0-1: Ball
1-1: Foul Ball, location: 2F
1-2: Foul Ball, location: 2F
1-2: Foul Ball, location: 2F
1-2: Strikes out swinging
Batting: SHB George D Wright 0-0: Ball
1-0: SOLO HOME RUN (Flyball, 7D, EV 96.3 MPH), Distance : 357 ft
Batting: LHB Gary Rajsich 0-0: Ball
1-0: Ball
2-0: Ball
3-0: Called Strike
3-1: Base on Balls
Batting: RHB Bill Bathe 0-0: Called Strike
Gary Rajsich is caught stealing 2nd base 2-4
Bottom of the 1st over - 1 run, 1 hit, 0 errors, 0 left on base; Rochester 0 - Buffalo 1
TOP OF THE 2ND
Rochester Red Wings batting - Pitching for Buffalo Bisons : RHP Bill Landrum
Batting: RHB Joe Carter 0-0: Foul Ball, location: 2F
0-1: Swinging Strike
0-2: Ball
1-2: Strikes out swinging
Batting: RHB Chris Johnston 0-0: Called Strike
0-1: Swinging Strike
0-2: Ground out 6-3 (Groundball, 6, EV 110.6 MPH)
Batting: LHB Dave Falcone 0-0: SOLO HOME RUN (Flyball, 89XD, EV 93.8 MPH), Distance : 425 ft
Batting: RHB Tom Brookens 0-0: Called Strike
0-1: Foul Ball, location: 2F
0-2: Ground out 5-3 (Groundball, 5, EV 90.6 MPH)
Top of the 2nd over - 1 run, 1 hit, 0 errors, 0 left on base; Rochester 1 - Buffalo 1
BOTTOM OF THE 2ND
Buffalo Bisons batting - Pitching for Rochester Red Wings : LHP Alex Gonzales
Batting: RHB Bill Bathe 0-0: Ball
1-0: Called Strike
1-1: Swinging Strike
1-2: Foul Ball, location: 2F
1-2: Fly out, F8 (Flyball, 8RXD, EV 81.3 MPH)
Batting: RHB John Seefried 0-0: Ball
1-0: Ground out 4-3 (Groundball, 4, EV 98.1 MPH)
Batting: LHB Doe Boyland 0-0: Ground out 6-3 (Groundball, 4M, EV 78.8 MPH)
Bottom of the 2nd over - 0 runs, 0 hits, 0 errors, 0 left on base; Rochester 1 - Buffalo 1
TOP OF THE 3RD
Rochester Red Wings batting - Pitching for Buffalo Bisons : RHP Bill Landrum
Batting: RHB Jerry Dybzinski 0-0: SINGLE (Line Drive, 9S, EV 102.5 MPH)
Batting: RHB Johnnie LeMaster 0-0: Called Strike
0-1: Ball
1-1: Ball
2-1: Ball
3-1: Foul Ball, location: 2F
3-2: Foul Ball, location: 2F
3-2: Fly out, F9 (Flyball, 9LS, EV 89.4 MPH)
Batting: LHB Ed Amelung 0-0: Ball
1-0: DOUBLE (Line Drive, 78D, EV 108.1 MPH)
Jerry Dybzinski to third
Runner from 3rd tries for Home, SAFE, throw by CF to home
Batting: SHB Jordan Ayala 0-0: Foul Ball, location: 2F
0-1: Ball
1-1: Ball
2-1: Ball
3-1: Base on Balls
Batting: RHB Gerry Davis 0-0: Called Strike
0-1: Foul Ball, location: 2F
0-2: Foul Ball, location: 2F
0-2: Single, Error in OF, E8, batter to second base (Line Drive, 8RS, EV 102.5 MPH)
Ed Amelung scores
Jordan Ayala to third
Batting: RHB Joe Carter 0-0: Ball
1-0: SINGLE (Line Drive, 7S, EV 88.1 MPH)
Jordan Ayala scores
Gerry Davis to third
Runner from 3rd tries for Home, SAFE, throw by LF to home
Batting: RHB Chris Johnston 0-0: Ball
1-0: Ball
2-0: Called Strike
2-1: Ground out 6-3 (Groundball, 6M, EV 92.5 MPH)
Joe Carter to second
Batting: LHB Dave Falcone 0-0: Ball
1-0: Ball
2-0: Called Strike
2-1: Swinging Strike
2-2: Fly out, F8 (Line Drive, 8LD, EV 100.6 MPH)
Top of the 3rd over - 4 runs, 4 hits, 1 error, 1 left on base; Rochester 5 - Buffalo 1
BOTTOM OF THE 3RD
Buffalo Bisons batting - Pitching for Rochester Red Wings : LHP Alex Gonzales
Batting: RHB Pat Keedy 0-0: Ball
1-0: Ball
2-0: Ball
3-0: Called Strike
3-1: Base on Balls
Batting: RHB John Denman 0-0: Ball
1-0: Swinging Strike
1-1: Called Strike
1-2: Ball
2-2: Ball
3-2: SINGLE (Groundball, 25, EV 70.6 MPH) (infield hit)
Pat Keedy to second
Batting: RHB Juan Villa 0-0: Foul Ball, location: 2F
0-1: Fly out, F6 (Flyball, 56D, EV 92.5 MPH)
Batting: RHB Carlos Matamoros 0-0: Grounds into double play, 6-4-3 (Groundball, 6, EV 84.4 MPH)
Bottom of the 3rd over - 0 runs, 1 hit, 0 errors, 1 left on base; Rochester 5 - Buffalo 1
TOP OF THE 4TH
Rochester Red Wings batting - Pitching for Buffalo Bisons : RHP Bill Landrum
Batting: RHB Tom Brookens 0-0: Ball
1-0: Swinging Strike
1-1: Ball
2-1: Swinging Strike
2-2: Foul Ball, location: 2F
2-2: Foul Ball, location: 2F
2-2: Ball
3-2: Foul Ball, location: 2F
3-2: Strikes out looking
Batting: RHB Jerry Dybzinski 0-0: Called Strike
0-1: Ball
1-1: Called Strike
1-2: Fly out, F9 (Flyball, 9S, EV 96.9 MPH)
Batting: RHB Johnnie LeMaster 0-0: Foul Ball, location: 2F
0-1: Ball
1-1: Ball
2-1: Swinging Strike
2-2: Ball
3-2: Foul Ball, location: 2F
3-2: Foul Ball, location: 2F
3-2: SINGLE (Groundball, 4MD, EV 96.3 MPH)
Batting: LHB Ed Amelung 0-0: Foul Ball, location: 2F
0-1: Ground out 4-3 (Groundball, 4, EV 89.4 MPH)
Top of the 4th over - 0 runs, 1 hit, 0 errors, 1 left on base; Rochester 5 - Buffalo 1
BOTTOM OF THE 4TH
Buffalo Bisons batting - Pitching for Rochester Red Wings : LHP Alex Gonzales
Batting: SHB George D Wright 0-0: Ball
1-0: Foul Ball, location: 2F
1-1: Ball
2-1: Ground out 5-3 (Groundball, 56, EV 90.6 MPH)
Batting: LHB Gary Rajsich 0-0: DOUBLE (Flyball, 8RXD, EV 107.5 MPH)
Batting: RHB Bill Bathe 0-0: Foul Ball, location: 2F
0-1: Called Strike
0-2: SINGLE (Line Drive, 9S, EV 90.0 MPH)
Gary Rajsich to third
Runner from 3rd tries for Home, SAFE, throw by RF to home
Batting: RHB John Seefried 0-0: Grounds into double play, 6-4-3 (Groundball, 6S, EV 83.1 MPH)
Bottom of the 4th over - 1 run, 2 hits, 0 errors, 0 left on base; Rochester 5 - Buffalo 2
TOP OF THE 5TH
Rochester Red Wings batting - Pitching for Buffalo Bisons : RHP Bill Landrum
Batting: SHB Jordan Ayala 0-0: Ball
1-0: Ground out 1-3 (Groundball, 13, EV 67.5 MPH)
Batting: RHB Gerry Davis 0-0: Ball
1-0: Ball
2-0: Foul Ball, location: 2F
2-1: Foul Ball, location: 2F
2-2: Fly out, F8 (Flyball, 8RM, EV 90.0 MPH)
Batting: RHB Joe Carter 0-0: SOLO HOME RUN (Flyball, 78XD, EV 91.3 MPH), Distance : 404 ft
Pitching: LHP Richard Graser
Batting: RHB Chris Johnston 0-0: Ball
1-0: Fly out, F3 (Popup, 3F, EV 68.1 MPH)
Top of the 5th over - 1 run, 1 hit, 0 errors, 0 left on base; Rochester 6 - Buffalo 2
BOTTOM OF THE 5TH
Buffalo Bisons batting - Pitching for Rochester Red Wings : LHP Alex Gonzales
Batting: LHB Doe Boyland 0-0: Ground out 6-3 (Groundball, 6, EV 102.5 MPH)
Batting: RHB Pat Keedy 0-0: Reached on error, E5 (Groundball, 56, EV 110.6 MPH)
Batting: RHB John Denman 0-0: Foul Ball, location: 2F
0-1: Ball
1-1: Ball
2-1: Grounds into double play, 6-4-3 (Groundball, 6, EV 85.6 MPH)
Bottom of the 5th over - 0 runs, 0 hits, 1 error, 0 left on base; Rochester 6 - Buffalo 2
TOP OF THE 6TH
Rochester Red Wings batting - Pitching for Buffalo Bisons : LHP Richard Graser
Batting: LHB Dave Falcone 0-0: Called Strike
0-1: Ball
1-1: Fly out, F2 (Popup, 2LF, EV 88.1 MPH)
Batting: RHB Tom Brookens 0-0: Called Strike
0-1: Foul Ball, location: 2F
0-2: Strikes out looking
Batting: RHB Jerry Dybzinski 0-0: Foul Ball, location: 2F
0-1: Called Strike
0-2: Ball
1-2: Ball
2-2: Ground out 2-3 (Groundball, 13S, EV 62.5 MPH)
Top of the 6th over - 0 runs, 0 hits, 0 errors, 0 left on base; Rochester 6 - Buffalo 2
BOTTOM OF THE 6TH
Buffalo Bisons batting - Pitching for Rochester Red Wings : LHP Alex Gonzales
Batting: RHB Juan Villa 0-0: Ball
1-0: Ball
2-0: Foul Ball, location: 2F
2-1: Foul Ball, location: 2F
2-2: Ball
3-2: Foul Ball, location: 2F
3-2: SINGLE (Line Drive, 8RS, EV 99.4 MPH)
Batting: RHB Carlos Matamoros 0-0: Bunt missed!
0-1: Bunt missed!
0-2: Ball
1-2: Ball
2-2: Fly out, F8 (Flyball, 78S, EV 89.4 MPH)
Batting: SHB George D Wright 0-0: Ball
Juan Villa steals 2nd base (no throw)
1-0: Fly out, F9 (Flyball, 9, EV 85.6 MPH)
Batting: LHB Gary Rajsich 0-0: Called Strike
0-1: Ball
1-1: Ball
2-1: Ball
3-1: Reached via error on a dropped throw from 1B, E1 (Groundball, 23, EV 93.8 MPH)
Juan Villa to third
Batting: RHB Bill Bathe 0-0: Called Strike
0-1: Ball
1-1: Ground out 1-3 (Groundball, 34S, EV 65.6 MPH)
Bottom of the 6th over - 0 runs, 1 hit, 1 error, 2 left on base; Rochester 6 - Buffalo 2
TOP OF THE 7TH
Rochester Red Wings batting - Pitching for Buffalo Bisons : LHP Richard Graser
Batting: RHB Johnnie LeMaster 0-0: Ball
1-0: Ball
2-0: Called Strike
2-1: Foul Ball, location: 2F
2-2: Strikes out swinging
Batting: LHB Ed Amelung 0-0: Swinging Strike
0-1: Ball
1-1: Ball
2-1: Ball
3-1: DOUBLE (Line Drive, 89XD, EV 106.9 MPH)
Batting: SHB Jordan Ayala 0-0: Ball
Ed Amelung steals 3rd base
1-0: Ball
2-0: Swinging Strike
2-1: Ball
3-1: Called Strike
3-2: Base on Balls
Batting: RHB Gerry Davis 0-0: Ball
Jordan Ayala steals 2nd base
1-0: Ball
2-0: Ball
3-0: Called Strike
3-1: Called Strike
3-2: Strikes out swinging
Pitching: RHP Terry Clark
Batting: RHB Joe Carter 0-0: Ball
1-0: Fly out, F8 (Flyball, 89D, EV 91.3 MPH)
Top of the 7th over - 0 runs, 1 hit, 0 errors, 2 left on base; Rochester 6 - Buffalo 2
BOTTOM OF THE 7TH
Buffalo Bisons batting - Pitching for Rochester Red Wings : LHP Alex Gonzales
Batting: RHB John Seefried 0-0: Ground out 5-3 (Groundball, 5S, EV 86.3 MPH)
Batting: LHB Doe Boyland 0-0: Ball
1-0: Called Strike
1-1: Foul Ball, location: 2F
1-2: Fly out, F9 (Flyball, 89M, EV 81.9 MPH)
Batting: RHB Pat Keedy 0-0: Called Strike
0-1: Called Strike
0-2: Ball
1-2: Strikes out swinging
Bottom of the 7th over - 0 runs, 0 hits, 0 errors, 0 left on base; Rochester 6 - Buffalo 2
TOP OF THE 8TH
Rochester Red Wings batting - Pitching for Buffalo Bisons : RHP Terry Clark
Batting: RHB Chris Johnston 0-0: Fly out, F3 (Popup, 3F, EV 70.6 MPH)
Batting: LHB Dave Falcone 0-0: Called Strike
0-1: Ball
1-1: Ground out 5-3 (Groundball, 56, EV 80.0 MPH)
Batting: RHB Tom Brookens 0-0: Ball
1-0: Fly out, F8 (Flyball, 8RS, EV 83.8 MPH)
Top of the 8th over - 0 runs, 0 hits, 0 errors, 0 left on base; Rochester 6 - Buffalo 2
BOTTOM OF THE 8TH
Buffalo Bisons batting - Pitching for Rochester Red Wings : LHP Alex Gonzales
Batting: RHB John Denman 0-0: TRIPLE (Line Drive, 8RXD, EV 101.3 MPH)
Batting: RHB Juan Villa 0-0: Ball
1-0: Foul Ball, location: 2F
1-1: Fly out, F9 (Line Drive, 9D, EV 91.9 MPH)
Runner from 3rd tags up, SCORES, no throw by RF
Batting: RHB Carlos Matamoros 0-0: Ball
1-0: Called Strike
1-1: Ground out 4-3 (Groundball, 4, EV 80.0 MPH)
Batting: SHB George D Wright 0-0: Called Strike
0-1: Foul Ball, location: 2F
0-2: Ball
1-2: Foul Ball, location: 2F
1-2: SINGLE (Line Drive, 89S, EV 103.8 MPH)
Batting: LHB Gary Rajsich 0-0: Ball
1-0: Ball
2-0: Ball
3-0: Called Strike
3-1: Fly out, F7 (Flyball, 7, EV 96.9 MPH)
Bottom of the 8th over - 1 run, 2 hits, 0 errors, 1 left on base; Rochester 6 - Buffalo 3
TOP OF THE 9TH
Rochester Red Wings batting - Pitching for Buffalo Bisons : RHP Terry Clark
Batting: RHB Jerry Dybzinski 0-0: Foul Ball, location: 2F
0-1: Foul Ball, location: 2F
0-2: Foul Ball, location: 2F
0-2: Ball
1-2: Ground out 6-3 (Groundball, 6, EV 79.4 MPH)
Batting: RHB Johnnie LeMaster 0-0: Called Strike
0-1: Swinging Strike
0-2: Strikes out swinging
Batting: LHB Ed Amelung 0-0: Ball
1-0: Ground out 6-3 (Groundball, 6, EV 78.8 MPH)
Top of the 9th over - 0 runs, 0 hits, 0 errors, 0 left on base; Rochester 6 - Buffalo 3
BOTTOM OF THE 9TH
Buffalo Bisons batting - Pitching for Rochester Red Wings : LHP Alex Gonzales
Now in CF: Mario Delgado
Batting: RHB Bill Bathe 0-0: Called Strike
0-1: Foul Ball, location: 2F
0-2: Ball
1-2: Ground out U3 (Groundball, 34S, EV 86.3 MPH)
Batting: RHB John Seefried 0-0: Called Strike
0-1: Ball
1-1: Called Strike
1-2: Foul Ball, location: 2F
1-2: Strikes out swinging
Batting: LHB Doe Boyland 0-0: Called Strike
0-1: Ground out 4-3 (Groundball, 34, EV 83.1 MPH)
Bottom of the 9th over - 0 runs, 0 hits, 0 errors, 0 left on base; Rochester 6 - Buffalo 3
Monday, August 10th, 2020 - OOTP Baseball 21.5 Build 76